 Dungeon Crawl Stone Soup version 0.20.1-1-g8b1a95d (webtiles) character file.

250 con220 the Poker (level 5, -5/45 HPs)
             Began as a Draconian Skald on Oct 31, 2017.
             Was an Initiate of Okawaru.
             Splashed by a jelly's acid (8 damage)
             ... on level 5 of the Dungeon.
             The game lasted 00:18:14 (3673 turns).

con220 the Poker (Draconian Skald)                  Turns: 3673, Time: 00:18:17

Health: -5/45      AC: -2    Str: 15    XL:     5   Next: 88%
Magic:  8/8        EV: 13    Int: 13    God:    Okawaru [......]
Gold:   187        SH:  0    Dex: 10    Spells: 7/8 levels left

rFire    . . .     SeeInvis .   a - +0 spear
rCold    . . .     Gourm    .   (no shield)
rNeg     . . .     Faith    .   (armour unavailable)
rPois    .         Spirit   .   (helmet restricted)
rElec    .         Reflect  .   h - +0 cloak
rCorr    .         Harm     .   (no gloves)
MR       .....                  (no boots)
Stlth    +.........             (no amulet)
Regen    0.2/turn               (no ring)
MPRegen  0.2/turn               (no ring)

@: corroded
A: unfitting armour, cold-blooded, AC +5
a: Renounce Religion


You were on level 5 of the Dungeon.
You worshipped Okawaru.
Okawaru was noncommittal.
You were not hungry.

You visited 1 branch of the dungeon, and saw 5 of its levels.

You collected 187 gold pieces.

Inventory:

Hand Weapons
 a - a +0 spear (weapon)
 j - a +2 mace of crushing
 k - a +0 spear
 v - a +0 spear
Armour
 c - a +0 pair of gloves
 h - a +0 cloak (worn)
Jewellery
 f - an uncursed ring of fire {unknown}
 l - an uncursed amulet of the gourmand {unknown}
 u - an uncursed amulet of the gourmand {unknown}
Scrolls
 e - 2 scrolls of blinking
 n - 2 scrolls of remove curse
 p - a scroll of recharging
 r - a scroll of fear {unknown}
 t - a scroll of fog {unknown}
 w - a scroll of amnesia {unknown}
Potions
 d - a potion of might {unknown}
 g - a potion of mutation {unknown}
 i - a potion of curing
 o - a potion of lignification {unknown}
 q - a potion of degeneration {unknown}
 x - a potion of brilliance {unknown}
Books
 b - a book of Battle

   Spells                             Type                      Level
   a - Infusion                       Charms                       1
   b - Shroud of Golubria             Charms/Translocation         2
   c - Song of Slaying                Charms                       2
   d - Spectral Weapon                Hexes/Charms                 3
   e - Regeneration                   Charms/Necromancy            3
Comestibles
 m - 3 bread rations
 s - a fruit


   Skills:
 + Level 3.1 Fighting
 + Level 4.5 Polearms
 + Level 3.4 Dodging
 + Level 0.8 Stealth
 + Level 2.0 Spellcasting
 + Level 3.1 Charms


You had 7 spell levels left.
You knew the following spells:

 Your Spells              Type           Power        Failure   Level  Hunger
a - Infusion              Chrm           #...         7%          1    ##.....


Dungeon Overview and Level Annotations

Branches:
Dungeon (5/15)
 Temple: D:4-7

Altars:
Nemelex Xobeh
Okawaru
Ru
Vehumet
Xom

Annotations:
D:4 Duvessa


Innate Abilities, Weirdness & Mutations

Your plain brown scales are hard. (AC +5)
You cannot fit into any form of body armour.
You are cold-blooded and may be slowed by cold attacks.


Message History

You float gracefully downwards.
You hit the jelly. The acid corrodes you!
Your hands burn!
The jelly is lightly wounded.
The jelly barely misses you.
You hit the jelly.
Your hands burn!
* * * LOW HITPOINT WARNING * * *
The jelly is lightly wounded.
The jelly barely misses you.
You hit the jelly. The acid corrodes you!
Your hands burn!
* * * LOW HITPOINT WARNING * * *
You tail-slap the jelly, but do no damage.
The jelly is moderately wounded.
You hit the jelly but do no damage.
Your hands burn!
* * * LOW HITPOINT WARNING * * *
You tail-slap the jelly, but do no damage.
The jelly is moderately wounded.
The jelly hits you.
* * * LOW HITPOINT WARNING * * *
You are splashed with acid!
The acid burns!
You die...

#.....#
#.....#
#.....#
#.....#
#.....#
#....†#
#.....######
#..........#
#@J........#
###+##.....#
#.....#
#.....#
#.....#
#.....#
#.....#
#[....#
#.....#


You could see a jelly.

Vanquished Creatures
  An ogre (D:4)
  A hound (D:4)
  2 gnolls (D:2)
  4 adders
  2 worms (D:2)
  3 dart slugs
  5 leopard geckos
  2 orcs
  4 bats
  2 giant cockroaches
  8 goblins
  6 hobgoblins
  7 jackals
  A quokka (D:5)
  5 frilled lizards
  A jackal skeleton (D:4)
  8 kobolds
  7 rats
69 creatures vanquished.

Vanquished Creatures (others)
  A goblin (D:2)
  A kobold (D:2)
2 creatures vanquished.

Grand Total: 71 creatures vanquished

Notes
Turn   | Place    | Note
-------+----------+-------------------------------------------
     0 | D:1      | con220 the Draconian Skald began the quest for the Orb.
     0 | D:1      | Reached XP level 1. HP: 17/17 MP: 3/3
   334 | D:1      | Reached XP level 2. HP: 18/24 MP: 5/5
  1238 | D:2      | Reached XP level 3. HP: 26/29 MP: 6/6
  1357 | D:2      | Found a radiant altar of Vehumet.
  1391 | D:2      | Found a shimmering altar of Xom.
  1694 | D:2      | Reached skill level 3 in Polearms
  1948 | D:2      | Reached XP level 4. HP: 18/37 MP: 7/7
  1950 | D:2      | Found an iron altar of Okawaru.
  1961 | D:2      | Became a worshipper of Warmaster Okawaru
  2864 | D:3      | Found a sparkling altar of Nemelex Xobeh.
  2955 | D:3      | Found a sacrificial altar of Ru.
  3321 | D:4      | Noticed an ogre
  3353 | D:4      | Killed an ogre
  3353 | D:4      | Reached skill level 4 in Polearms
  3353 | D:4      | Reached XP level 5. HP: 32/44 MP: 8/8
  3542 | D:4      | Noticed Duvessa
  3627 | D:5      | Entered Level 5 of the Dungeon
  3673 | D:5      | Splashed by a jelly's acid

Skill      XL: |  1  2  3  4  5 |
---------------+----------------+-----
Charms         | 3 |  3.1
Polearms       | 3 4 |  4.5
Dodging        | 3 |  3.4
Fighting       | 3 |  3.1
Stealth        | |  0.8
Spellcasting   | |  2.0

Action                   |  1- 3 |  4- 6 || total
-------------------------+-------+-------++-------
Melee: Spear             |   214 |   160 ||   374
       Tailslap          |    18 |    15 ||    33
  Use: Scroll            |     5 |       ||     5
       Potion            |     1 |     2 ||     3
 Stab: Sleeping          |       |     2 ||     2
  Eat: Bread ration      |     1 |       ||     1
       Meat ration       |       |     1 ||     1
Armor: Skin              |    71 |    56 ||   127
Dodge: Dodged            |   152 |   100 ||   252
